 Dungeon Crawl Stone Soup version 0.25.0-46-gbd7b0854d2 (webtiles) character file.

Game seed: 5742737918077800029

630824 Peloso the Minotaur Barricade (level 27, -1/403 (409) HPs)
             Began as a Minotaur Fighter on July 12, 2020.
             Was the Champion of Okawaru.
             Slain by a blizzard demon (4 damage)
             ... on level 10 of a ziggurat.
             The game lasted 04:08:20 (78642 turns).

Peloso the Minotaur Barricade (Minotaur Fighter)   Turns: 78642, Time: 04:08:21

HP:   -1/403 (409)  AC: 49    Str: 53    XL:     27
MP:   8/28          EV: 13    Int:  5    God:    Okawaru [******]
Gold: 5990          SH: 37    Dex: 15    Spells: 26/26 levels left

rFire    + . .     SeeInvis +   a - +9 double sword (vamp)
rCold    + . .     Gourm    .   c - +6 tower shield of Inevitability {rElec rCorr Str+2}
rNeg     . . .     Faith    +   I - +12 gold dragon scales
rPois    +         Spirit   .   x - +3 hat of Inviolability {rElec MR+ Regen+ rCorr Dex-2}
rElec    +         Reflect  .   G - +2 cloak of Okawaru's Castigation {rElec rC- Str+3 SInv}
rCorr    +         Harm     .   g - +0 pair of fencer's gloves {Riposte Dex+3}
MR       ++++.                  J - +2 pair of boots {run}
Stlth    ..........             Q - amulet of Roon {Faith Str+6}
HPRegen  1.17/turn              h - ring "Annitog" {rPois rC+ MR+ Str+6}
MPRegen  0.21/turn              F - +6 ring of strength

@: berserking, liquid flames, weakened, sap magic, glowing, heavily drained,
very quick
A: retaliatory headbutt, horns 2
}: 3/15 runes: decaying, serpentine, silver
a: Heroism, Finesse, Renounce Religion


You were on level 10 of a ziggurat.
You worshipped Okawaru.
Okawaru was exalted by your worship.
You were hungry.

You visited 9 branches of the dungeon, and saw 47 of its levels.
You visited the Abyss 1 time.
You visited 1 ziggurat, and saw 10 of its levels.
You also visited: Trove, Ice Cave and Wizlab.

You collected 9140 gold pieces.
You spent 3150 gold pieces at shops.

Inventory:

Hand Weapons
 a - a +9 vampiric double sword (weapon)
 b - the +5 demon blade of Abomination {flame, rN++ Int-4 Dex+8}
   (Okawaru gifted it to you on level 1 of the Elven Halls)

   It has been specially enchanted to burn those struck by it, causing extra
   injury to most foes and up to half again as much damage against particularly
   susceptible opponents.
   Big, fiery blades are also staple armaments of hydra-hunters.
   It affects your intelligence (-4).
   It affects your dexterity (+8).
   It greatly protects you from negative energy.
Armour
 c - the +6 tower shield of Inevitability (worn) {rElec rCorr Str+2}
   (You found it in a treasure trove)

   It affects your strength (+2).
   It insulates you from electricity.
   It provides partial protection from all sources of acid and corrosion.
 g - the +0 pair of fencer's gloves (worn) {Riposte Dex+3}
   (You found it in a treasure trove)

   It affects your dexterity (+3).
 v - the +14 crystal plate armour "Reeseeg" {rCorr Str+2}
   (Okawaru gifted it to you on level 5 of the Vaults)

   It affects your strength (+2).
   It provides partial protection from all sources of acid and corrosion.
 x - the +3 hat of Inviolability (worn) {rElec MR+ Regen+ rCorr Dex-2}
   (You found it in a treasure trove)

   It affects your dexterity (-2).
   It insulates you from electricity.
   It affects your resistance to hostile enchantments.
   It increases your rate of regeneration.
   It provides partial protection from all sources of acid and corrosion.
 D - a +0 kite shield of reflection
 G - the +2 cloak of Okawaru's Castigation (worn) {rElec rC- Str+3 SInv}
   (Okawaru gifted it to you on level 5 of the Lair of Beasts)

   It affects your strength (+3).
   It makes you vulnerable to cold.
   It insulates you from electricity.
   It lets you see invisible.
 I - +12 gold dragon scales (worn)
 J - a +2 pair of boots of running (worn)
Jewellery
 h - the ring "Annitog" (left hand) {rPois rC+ MR+ Str+6}
   (You bought it in a shop on level 6 of the Dungeon)

   [ring of strength]

   It affects your strength (+6).
   It protects you from cold.
   It protects you from poison.
   It affects your resistance to hostile enchantments.
 l - an uncursed ring of protection from fire
 p - the amulet of the Albatross {Acrobat MP+9}
   (You found it on level 3 of a ziggurat)

   [amulet of the acrobat]

   It helps you evade while moving and waiting.
   It affects your magic capacity (+9).
 B - an uncursed amulet of guardian spirit
 E - an uncursed ring of fire
 F - a +6 ring of strength (right hand)
 L - the ring "Zeist" {rN+ rCorr Dex+6}
   (You found it on level 8 of a ziggurat)

   [ring of resist corrosion]

   It affects your dexterity (+6).
   It protects you from negative energy.
   It provides partial protection from all sources of acid and corrosion.
 M - an uncursed ring of wizardry
 Q - the amulet of Roon (around neck) {Faith Str+6}
   (You bought it in a shop on level 2 of the Orcish Mines)

   [amulet of faith]

   It allows you to gain divine favour quickly.
   It affects your strength (+6).
Wands
 q - a wand of digging (10)
Scrolls
 e - 2 scrolls of summoning
 i - 16 scrolls of teleportation
 j - a scroll of acquirement
 m - 6 scrolls of magic mapping
 r - 30 scrolls of remove curse
 s - 3 scrolls of identify
 u - a scroll of enchant armour
 w - 9 scrolls of fear
 y - 3 scrolls of amnesia
 C - 2 scrolls of enchant weapon
 K - 2 scrolls of blinking
 O - a scroll of fog
 S - 2 scrolls of noise
Potions
 d - 9 potions of might
 k - 4 potions of heal wounds
 n - 24 potions of mutation
 o - 3 potions of berserk rage
 t - 10 potions of haste
 z - 3 potions of curing
 A - 11 potions of flight
 H - a potion of stabbing
 N - 4 potions of resistance
Comestibles
 f - 73 rations


   Skills:
 O Level 27(24.2) Fighting
 O Level 27(24.2) Long Blades
 + Level 25.6(22.9) Armour
 + Level 7.6(5.8) Dodging
 + Level 3.3(1.7) Stealth
 O Level 27(24.2) Shields
 + Level 8.8(6.9) Invocations
 + Level 1.3(0.0) Evocations


You had 26 spell levels left.
You didn't know any spells.
Your spell library contained the following spells:

 Spells                   Type           Power        Failure   Level  Hunger
 Animate Skeleton         Necr           N/A          89%         1    ##.....
 Apportation              Tloc           #.....       89%         1    ##.....
 Beastly Appendage        Tmut           #.....       89%         1    ##.....
 Corona                   Hex            #......      89%         1    ##.....
 Freeze                   Ice            #...         89%         1    ##.....
 Infusion                 Chrm           #...         89%         1    ##.....
 Magic Dart               Conj           #...         89%         1    ##.....
 Pain                     Necr           #...         89%         1    ##.....
 Sandblast                Erth           #.....       89%         1    ##.....
 Shock                    Conj/Air       #...         89%         1    ##.....
 Sting                    Tmut/Pois      #...         89%         1    ##.....
 Summon Butterflies       Summ           #.......     89%         1    ##.....
 Summon Small Mammal      Summ           #...         89%         1    ##.....
 Blink                    Tloc           N/A          96%         2    ###....
 Call Imp                 Summ           #.......     96%         2    ###....
 Corpse Rot               Necr/Air       N/A          96%         2    ###....
 Ensorcelled Hibernation  Hex/Ice        #.....       96%         2    ###....
 Passwall                 Tmut/Erth      #.......     96%         2    ###....
 Poisonous Vapours        Pois/Air       #.....       96%         2    ###....
 Shroud of Golubria       Chrm/Tloc      #.....       96%         2    ###....
 Slow                     Hex            #.......     96%         2    ###....
 Song of Slaying          Chrm           #.......     96%         2    ###....
 Sticks to Snakes         Tmut           #.......     96%         2    ###....
 Sublimation of Blood     Necr           #.........   96%         2    ###....
 Swiftness                Chrm/Air       #.......     96%         2    ###....
 Call Canine Familiar     Summ           #.......     99%         3    ####...
 Confusing Touch          Hex            #.......     99%         3    ####...
 Conjure Flame            Conj/Fire      #.......     99%         3    ####...
 Dazzling Flash           Conj/Hex       #.....       99%         3    ####...
 Frozen Ramparts          Ice            #.....       99%         3    ####...
 Gell's Gravitas          Tloc           #.........   99%         3    ####...
 Ignite Poison            Fire/Tmut/Pois #.......     99%         3    ####...
 Lesser Beckoning         Tloc           #.........   99%         3    ####...
 Mephitic Cloud           Conj/Pois/Air  #.......     99%         3    ####...
 Ozocubu's Armour         Chrm/Ice       #.......     99%         3    ####...
 Spectral Weapon          Hex/Chrm       #.......     99%         3    ####...
 Spider Form              Tmut/Pois      #.........   99%         3    ####...
 Static Discharge         Conj/Air       #.......     99%         3    ####...
 Stone Arrow              Conj/Erth      #.....       99%         3    ####...
 Summon Guardian Golem    Hex/Summ       #.......     99%         3    ####...
 Tukima's Dance           Hex            #.......     99%         3    ####...
 Airstrike                Air            #.........   100%        4    #####..
 Cause Fear               Hex            #.........   100%        4    #####..
 Dispel Undead            Necr           #.......     100%        4    #####..
 Hailstorm                Conj/Ice       #.......     100%        4    #####..
 Ice Form                 Ice/Tmut       #.......     100%        4    #####..
 Petrify                  Tmut/Erth      #.......     100%        4    #####..
 Summon Ice Beast         Ice/Summ       #.......     100%        4    #####..
 Summon Lightning Spire   Summ/Air       #.......     100%        4    #####..
 Agony                    Necr           #.......     100%        5    ######.
 Alistair's Intoxication  Tmut/Pois      #.......     100%        5    ######.
 Blade Hands              Tmut           #.........   100%        5    ######.
 Excruciating Wounds      Chrm/Necr      #.........   100%        5    ######.
 Irradiate                Conj/Tmut      #.........   100%        5    ######.
 Lee's Rapid Deconstruct  Erth           #.........   100%        5    ######.
 Lightning Bolt           Conj/Air       #.........   100%        5    ######.
 Metabolic Englaciation   Hex/Ice        #.........   100%        5    ######.
 Silence                  Hex/Air        #.........   100%        5    ######.
 Summon Forest            Summ/Tloc      #.........   100%        5    ######.
 Summon Mana Viper        Hex/Summ       #.......     100%        5    ######.
 Yara's Violent Unravell  Hex/Tmut       #.........   100%        5    ######.
 Conjure Ball Lightning   Conj/Air       #.........   100%        6    #######
 Eringya's Noxious Bog    Tmut/Pois      #.........   100%        6    #######
 Freezing Cloud           Conj/Ice/Air   #.........   100%        6    #######
 Hydra Form               Tmut           #.........   100%        6    #######
 Invisibility             Hex            #.......     100%        6    #######
 Ozocubu's Refrigeration  Ice            #.........   100%        6    #######
 Simulacrum               Ice/Necr       #.........   100%        6    #######
 Statue Form              Tmut/Erth      #........    100%        6    #######
 Dragon Form              Tmut           #.........   100%        7    #######
 Ring of Flames           Chrm/Fire      #.........   100%        7    #######
 Summon Hydra             Summ           #.........   100%        7    #######
 Chain Lightning          Conj/Air       #.........   100%        8    #######
 Discord                  Hex            #.........   100%        8    #######
 Ignition                 Fire           #.........   100%        8    #######
 Lehudib's Crystal Spear  Conj/Erth      #.........   100%        8    #######
 Absolute Zero            Ice            #.........   100%        9    #######
 Fire Storm               Conj/Fire      #.........   100%        9    #######
 Shatter                  Erth           #.........   100%        9    #######
 Tornado                  Air            #.........   100%        9    #######


Dungeon Overview and Level Annotations

Branches:
Dungeon (15/15)            Temple (0/1) D:4            Lair (6/6) D:8
  Swamp (4/4) Lair:3        Snake (4/4) Lair:3        Slime (0/5) Lair:6
    Orc (2/2) D:11            Elf (3/3) Orc:2        Vaults (5/5) D:14
  Crypt (3/3) Vaults:3       Tomb (0/3) Crypt:3      Depths (5/5) D:15
    Zot (0/5) Depths:5      IceCv (visited)          WizLab (visited)

Altars:
Fedhas
Gozag
Kikubaaqudgha
Makhleb
Nemelex Xobeh
Okawaru
Qazlal
Ru
Sif Muna
Trog
Yredelemnul
Zin
The Shining One
Beogh
Jiyva
Lugonu

Shops:
D:6 =:=*[   D:12 !   Orc:2 [[(=   Elf:1 =}=   Elf:3 *   Vaults:1 *   Vaults:4 [

Portals:
Hell: Depths:1 Depths:2 Depths:3 Depths:4 Depths:5
Abyss: Depths:1 Depths:4 Depths:5
Pandemonium: Depths:1 Depths:2 Depths:3 Depths:5

Annotations:
D:6 anello a 1168
D:13 CASA
Elf:1 3 runed translucent doors


Innate Abilities, Weirdness & Mutations

You reflexively headbutt those who attack you in melee.
You have a pair of horns on your head.


Message History

The Tzitzimitl calls on the powers of darkness!
Your body is wracked with pain!
* * * LOW HITPOINT WARNING * * *
You block the gelid blood saint's attack.
The gelid warmonger hits you but does no damage.
The infernal black sun hits you but does no damage.
You hit Hig Ni Runopn but do no damage.
You headbutt Hig Ni Runopn, but do no damage.
Hig Ni Runopn is severely wounded.
You are covered in liquid flames!
* * * LOW HITPOINT WARNING * * *
You block the Executioner's attack. x3
The infernal black sun hits you from afar with a +1 demon trident of freezing.
* * * LOW HITPOINT WARNING * * *
You are engulfed in flames!
You resist.
* * * LOW HITPOINT WARNING * * *
You feel drained. You block Hig Ni Runopn's attack.
The shadow demon hits you but does no damage.
The blizzard demon hits you.
You die...

.. ▓.........▓
▓▓▓.........▓▓▓▓▓▓
.................▓
.................▓
.................▓
}.....214........▓
?....42122......∩▓
.....16@&........▓
......266........▓
.....6.1.........▓
.................▓
▓▓▓.........▓▓▓▓▓▓
▓.........▓
▓.........▓
▓▓▓▓▓▓▓▓▓▓▓


You could see Hig Ni Runopn (black mark), 2 Tzitzimimeh, an Ice Fiend
(summoned), a gelid warmonger (black mark, icemail), a balrug (black mark), 2
demonspawn, an Executioner (summoned, fast), 2 blizzard demons, a gelid blood
saint (black mark, icemail), a shadow demon (black mark), a tormentor (summoned)
and 2 chaos spawn.

Vanquished Creatures
  A juggernaut (Depths:4)
  2 ancient liches
  Frederick (Vaults:2)
  Margery (Depths:5)
  Saint Roka (Depths:3)
  Nikola (Swamp:3)
  Jory (Depths:5)
  A profane servitor (Crypt:3)
  8 golden dragons
  A mutant beast (WizLab)
  A bone dragon (Crypt:3)
  A Tzitzimitl (Zig:4)
  6 liches
  3 hellephants (Zig:8)
  An Ice Fiend (Zig:10)
  A tentacled monstrosity (Vaults:5)
  Rupert (Lair:5)
  2 quicksilver dragons
  3 deep elf blademasters
  10 titans
  Asterion (Elf:2)
  2 deep elf master archers (Elf:3)
  A tentacled starspawn (Abyss:4)
  Frances (D:13)
  A thorn hunter (Swamp:3)
  12 sphinxes
  4 ancient champions
  5 shadow dragons
  3 tengu reavers
  The ghost of qipq the Eclecticist, an adept DsVM of Vehumet (Elf:3)
  8 storm dragons
  2 revenants
  Roxanne (Swamp:3)
  8 nagarajas
  The ghost of opiumtea the Thaumaturge, a journeyman GnSk of Dithmenos (D:12)
  Donald (Swamp:3)
  7 deep elf sorcerers
  21 fire giants
  Louise (Snake:1)
  16 vault wardens
  An orc warlord (Orc:1)
  Aizul (Swamp:2)
  A draconian scorcher (Depths:5)
  A juggernaut zombie (Zig:6)
  14 frost giants
  The ghost of Ciageutz the Thaumaturge, a journeyman GnWz of Sif Muna (Snake:1)
  2 curse skulls
  4 deep elf elementalists
  A balrug (Abyss:4)
  2 war gargoyles (Vaults:5)
  6 ghouls
  4 reapers
  5 spriggan defenders
  33 very ugly things
  14 deep elf demonologists
  An entropy weaver (Vaults:1)
  3 green draconians
  14 ironheart preservers
  A corrupter (Zig:3)
  A caustic shrike skeleton (Zig:9)
  20 stone giants
  5 vampire knights
  Azrael (Orc:2)
  17 deep elf annihilators
  A dire elephant (Zig:8)
  6 black draconians
  3 yellow draconians (Depths:5)
  6 spark wasps
  A white draconian (Depths:5)
  A red draconian (Depths:3)
  4 blizzard demons
  4 eidola (Crypt:1)
  A dire elephant (shapeshifter) (Zig:4)
  11 ettins
  A quicksilver dragon zombie (Crypt:1)
  11 fire dragons
  9 deep elf death magi
  20 jiangshi
  2 mummy priests (Depths:3)
  Josephine (D:12)
  A green death (Depths:3)
  6 deep elf high priests
  22 yaktaur captains
  Fannar (D:11)
  2 merfolk impalers (Depths:3)
  6 ogre magi
  Harold (D:7)
  11 great orbs of eyes
  4 ghost crabs
  31 vault guards
  10 ice dragons
  23 hydras
  3 rakshasas
  5 catoblepae
  A hell beast (Zig:10)
  7 anacondas
  2 spriggan air magi
  4 shambling mangroves
  12 centaur warriors
  13 naga warriors
  35 two-headed ogres
  Erica (D:9)
  A two-headed ogre (shapeshifter) (D:14)
  A merfolk avatar (Depths:3)
  17 alligators
  7 deep troll earth magi
  7 tengu warriors
  11 death knights
  10 deep troll shamans
  A queen ant (shapeshifter) (Vaults:3)
  31 dancing weapons
  12 death yaks
  7 orc high priests
  Urug (D:13)
  A titan zombie (Zig:9)
  3 soul eaters
  15 hell knights
  10 vampire magi
  5 naga sharpshooters
  4 thrashing horrors (Abyss:4)
  22 deep elf knights
  8 shock serpents
  A shock serpent (shapeshifter) (Vaults:2)
  Sonja (Lair:2)
  5 spriggan berserkers (Depths:5)
  A storm dragon zombie (Zig:9)
  The ghost of Qaler the Frost Mage, a journeyman FeIE of Nemelex Xobeh (Lair:2)
  3 sun demons
  4 salamander mystics
  4 fire crabs (shapeshifter)
  A spectral death yak (Lair:2)
  7 spriggans
  3 wretched stars
  An iron golem (WizLab)
  51 skeletal warriors
  3 shadow wraiths
  2 sixfirhies
  A spatial maelstrom (Abyss:4)
  2 spriggan druids
  2 unseen horrors
  A sea snake (shapeshifter) (WizLab)
  A death drake (Abyss:4)
  4 wizards
  A storm dragon skeleton (Zig:9)
  35 deep trolls
  16 deep elf archers
  6 flayed ghosts
  An anaconda zombie (Crypt:2)
  A gelid demonspawn (Depths:2)
  6 phantasmal warriors
  10 swamp dragons
  A swamp dragon (shapeshifter) (Depths:5)
  A lindwurm (shapeshifter) (Depths:5)
  28 ironbrand convokers
  A spectral hydra (Lair:2)
  A wolf spider zombie (Crypt:3)
  3 glowing orange brains
  2 lindwurms (Depths:3)
  3 naga ritualists
  13 harpies
  3 harpies (shapeshifter) (WizLab)
  16 orc knights
  A fire giant zombie (Zig:7)
  6 necromancers
  An orb spider (shapeshifter) (WizLab)
  56 deep elf magi
  8 mana vipers
  6 orc sorcerers
  A sphinx zombie (Depths:1)
  2 tengu skeletons
  3 wolf spiders
  7 manticores
  A sphinx skeleton (Depths:1)
  49 slime creatures
  18 cyclopes
  A faun (shapeshifter) (WizLab)
  A shining eye (shapeshifter) (Depths:5)
  3 frost giant zombies
  A spectral ice dragon (Crypt:3)
  63 ugly things
  12 salamanders
  Maurice (D:11)
  4 guardian serpents
  A moth of wrath (shapeshifter) (Depths:1)
  4 molten gargoyles (Elf:2)
  A black mamba (shapeshifter) (WizLab)
  14 naga magi
  2 stone giant skeletons (Vaults:3)
  42 black mambas
  9 elephants
  An ice statue (IceCv)
  A spiny frog (shapeshifter) (WizLab)
  3 smoke demons
  5 gargoyles
  A torpor snail (shapeshifter) (Vaults:2)
  18 spiny frogs
  14 vault sentinels
  A dire elephant skeleton (Crypt:2)
  A guardian serpent (shapeshifter) (WizLab)
  A rime drake (Lair:6)
  2 yaktaurs (shapeshifter) (WizLab)
  2 hellions
  A green draconian zombie (Crypt:2)
  A spriggan zombie (Zig:9)
  2 apocalypse crabs
  8 komodo dragons
  3 efreet
  12 freezing wraiths
  2 hellwings
  4 ice devils
  An ancient zyme (Abyss:4)
  83 yaktaurs
  An entropy weaver simulacrum (Vaults:1)
  13 large abominations
  2 tormentors
  7 trolls
  A merfolk (shapeshifter) (Zig:4)
  A yaktaur skeleton (Vaults:3)
  2 trolls (shapeshifter) (WizLab)
  22 polar bears
  A red devil (Abyss:4)
  5 tengu conjurers
  A jumping spider (shapeshifter) (WizLab)
  A yellow draconian skeleton (Crypt:1)
  17 hornets
  A polar bear (shapeshifter) (D:14)
  A meliai (shapeshifter) (Vaults:2)
  7 tyrant leeches
  Prince Ribbit (D:5)
  A hippogriff (shapeshifter) (WizLab)
  11 raiju
  Grinder (D:5)
  3 hornets (shapeshifter)
  A queen bee (shapeshifter) (Elf:1)
  A wind drake (Zig:1)
  2 wind drakes (shapeshifter) (WizLab)
  A frost giant simulacrum (Crypt:1)
  A raiju (shapeshifter) (Vaults:2)
  24 blink frogs
  6 hippogriffs
  A slime creature (shapeshifter) (Depths:4)
  7 bog bodies
  A satyr zombie (Crypt:1)
  2 blink frogs (shapeshifter) (WizLab)
  A dream sheep (shapeshifter) (Vaults:4)
  50 flying skulls (Crypt:3)
  A redback (Depths:3)
  16 starcursed masses
  6 shadows
  A vampire (D:11)
  A yak (shapeshifter) (Vaults:1)
  4 water elementals
  4 ynoxinuls
  3 air elementals
  24 wraiths
  6 fire elementals
  Sigmund (D:6)
  3 hogs (D:7)
  10 small abominations
  A wyvern (Lair:3)
  6 hungry ghosts
  An ice dragon skeleton (Crypt:2)
  A fire bat (shapeshifter) (Vaults:3)
  A human (D:7)
  A human (shapeshifter) (Vaults:4)
  A spectral komodo dragon (Lair:2)
  64 yaks
  A hog (shapeshifter) (WizLab)
  2 basilisks (shapeshifter)
  2 steam dragons
  A wind drake skeleton (Crypt:1)
  4 basilisks
  A chaos spawn (Abyss:4)
  A spectral spiny frog (Lair:2)
  A death yak simulacrum (Lair:2)
  3 acid dragons
  4 vampire mosquitoes (Swamp:1)
  An acid dragon (shapeshifter) (WizLab)
  14 insubstantial wisps
  Edmund (D:6)
  An infernal demonspawn zombie (Crypt:2)
  9 wargs
  46 nagas
  2 soldier ants (shapeshifter) (WizLab)
  A soldier ant (D:12)
  29 swamp worms
  12 water moccasins
  A swamp worm (shapeshifter) (Zig:5)
  Duvessa (D:5)
  2 hydra simulacra
  A deep troll skeleton (Crypt:1)
  7 floating eyes
  3 hell hounds (Orc:1)
  A torturous demonspawn zombie (Crypt:1)
  7 porcupines
  13 swamp drakes
  5 human skeletons (Vaults:3)
  60 orc warriors
  A sky beast (D:6)
  4 phantoms
  A black mamba simulacrum (Lair:2)
  2 ice beasts
  An ettin simulacrum (Vaults:2)
  An eye of draining (shapeshifter) (D:14)
  An eye of draining (D:9)
  6 necrophages
  26 ogres
  27 centaurs
  48 wolves
  6 boggarts
  3 elf skeletons
  11 crocodiles
  A manticore skeleton (Crypt:3)
  An octopode zombie (Crypt:2)
  4 big kobolds
  A hog skeleton (Crypt:1)
  Blork the orc (D:6)
  9 bullfrogs
  A big kobold (shapeshifter) (Depths:1)
  A wyvern zombie (D:8)
  Dowan (D:5)
  3 earth elementals
  2 wyvern skeletons (D:12)
  A spiny frog simulacrum (Lair:2)
  A scorpion (D:5)
  A scorpion (shapeshifter) (Elf:2)
  3 killer bees (D:12)
  2 spriggan skeletons
  3 vampire bats (Lair:3)
  13 wights
  2 electric eels (Lair:1)
  7 howler monkeys
  12 crimson imps
  7 centaur zombies
  A bullfrog zombie (Crypt:1)
  3 quasits
  3 iron imps
  43 orc priests
  10 centaur skeletons
  6 hounds
  3 jellies
  A gnoll shaman (D:10)
  5 bullfrog skeletons
  27 orc wizards
  7 iguanas
  13 worker ants
  A deep dwarf zombie (Crypt:1)
  A hound skeleton (D:10)
  A mummy (Depths:3)
  8 adders
  A howler monkey skeleton (D:4)
  A river rat (D:5)
  7 gnolls
  A hound simulacrum (D:10)
  5 shadow imps
  13 white imps
  An ooze (D:7)
  A lava snake zombie (Crypt:2)
  An adder skeleton (D:6)
  An adder zombie (Crypt:2)
  3 worms
  4 dart slugs
  6 leopard geckos
  155 orcs
  6 ball pythons
  7 bats
  7 giant cockroaches
  4 goblins (D:1)
  2 hobgoblins
  3 jackals (D:1)
  5 quokkas
  4 frilled lizards (D:3)
  A jackal skeleton (D:8)
  20 kobolds
  A leopard gecko skeleton (D:4)
  2 quokka skeletons
  A quokka zombie (D:6)
  7 rats
  7 briar patches (Swamp:1)
  A butterfly (Lair:3)
  A lurking horror (Abyss:4)
  A plant (Lair:1)
  A starspawn tentacle (Abyss:4)
2706 creatures vanquished.

Vanquished Creatures (collateral kills)
  An Executioner (Zig:10)
  A hellion (Zig:6)
  A freezing wraith (Zig:6)
  An ice devil (Zig:6)
  4 iron imps (Zig:6)
8 creatures vanquished.

Vanquished Creatures (others)
  An ogre mage (Vaults:4)
  A deep troll (Vaults:5)
  A necromancer (Depths:1)
  A guardian serpent (D:14)
  A naga mage (Snake:4)
  A yaktaur (Depths:5)
  2 blink frogs (Swamp:3)
  A yak (IceCv)
  2 swamp worms
  A naga (Snake:4)
  4 wolves (IceCv)
  A boggart (Depths:1)
  A crocodile (Zig:8)
  2 orc wizards
  A ball lightning (Depths:3)
  An orc (Depths:3)
  8 briar patches
  6 fungi
  2 plants (Lair:6)
  A starspawn tentacle (Abyss:4)
39 creatures vanquished.

Grand Total: 2753 creatures vanquished

Notes
Turn   | Place    | Note
-------+----------+-------------------------------------------
     0 | D:1      | Peloso the Minotaur Fighter began the quest for the Orb.
     0 | D:1      | Reached XP level 1. HP: 19/19 MP: 0/0
   222 | D:1      | Reached XP level 2. HP: 24/27 MP: 1/1
   851 | D:2      | Reached XP level 3. HP: 26/34 MP: 2/2
  1166 | D:2      | Found an ancient bone altar of Kikubaaqudgha.
  1170 | D:2      | Found a basalt altar of Yredelemnul.
  1172 | D:2      | Found a glowing golden altar of the Shining One.
  1321 | D:2      | Noticed an angel
  1322 | D:2      | Found a glowing silver altar of Zin.
  1342 | D:2      | Found an iron altar of Okawaru.
  1417 | D:2      | Became a worshipper of Warmaster Okawaru
  1752 | D:3      | Reached XP level 4. HP: 39/41 MP: 3/3
  2003 | D:3      | Reached skill level 1 in Dodging
  2003 | D:3      | Reached XP level 5. HP: 43/47 MP: 4/4
  2725 | D:4      | Reached XP level 6. HP: 55/55 MP: 5/5
  2865 | D:4      | Reached skill level 5 in Long Blades
  2947 | D:4      | Found a staircase to the Ecumenical Temple.
  3021 | D:4      | Reached skill level 5 in Shields
  3205 | D:4      | Reached * piety under Okawaru
  3205 | D:4      | Reached skill level 5 in Armour
  3232 | D:4      | Reached skill level 5 in Fighting
  3569 | D:5      | Entered Level 5 of the Dungeon
  3616 | D:5      | Reached XP level 7. HP: 61/61 MP: 6/6
  3777 | D:5      | Reached ** piety under Okawaru
  3939 | D:5      | Noticed Grinder
  3942 | D:5      | Paralysed by Grinder for 2 turns
  3950 | D:5      | Killed Grinder
  3950 | D:5      | Reached XP level 8. HP: 50/70 MP: 7/7
  4004 | D:5      | Noticed Duvessa
  4004 | D:5      | Noticed Dowan
  4026 | D:5      | Killed Duvessa
  4037 | D:5      | Killed Dowan
  4224 | D:5      | Noticed Prince Ribbit
  4663 | D:6      | Found a bloodstained altar of Trog.
  4759 | D:6      | Noticed Blork the orc
  4765 | D:6      | Killed Blork the orc
  4836 | D:6      | Noticed Edmund
  4842 | D:6      | Killed Edmund
  4910 | D:6      | Found Boyxac's Jewellery Emporium.
  4949 | D:6      | Found Nos Jigh's Jewellery Emporium.
  4950 | D:6      | Found Retsiema's Book Shoppe.
  5021 | D:6      | Found a sacrificial altar of Ru.
  5029 | D:6      | Reached *** piety under Okawaru
  5067 | D:6      | Found Gozag's Platinum Reserve.
  5079 | D:6      | Found an opulent altar of Gozag.
  5079 | D:6      | Noticed Sigmund
  5110 | D:6      | Killed Sigmund
  5110 | D:6      | Reached skill level 10 in Long Blades
  5110 | D:6      | Reached XP level 9. HP: 78/78 MP: 8/8
  5567 | D:6      | Found Wosodd's Antique Armour Boutique.
  5675 | D:7      | Noticed Harold
  5693 | D:7      | Killed Harold
  5693 | D:7      | Reached skill level 1 in Stealth
  5711 | D:7      | Reached **** piety under Okawaru
  5720 | D:7      | Noticed a troll
  5731 | D:7      | Killed a troll
  5968 | D:7      | Found a sparkling altar of Nemelex Xobeh.
  5999 | D:7      | Reached XP level 10. HP: 73/88 MP: 6/9
  6577 | D:8      | Noticed a two-headed ogre
  6592 | D:8      | Killed a two-headed ogre
  6592 | D:8      | Reached skill level 1 in Invocations
  6593 | D:8      | Noticed a two-headed ogre
  6603 | D:8      | Killed a two-headed ogre
  6603 | D:8      | Reached ***** piety under Okawaru
  6701 | D:8      | Noticed a cyan ugly thing
  6721 | D:8      | Killed a cyan ugly thing
  7208 | D:8      | Found a burning altar of Makhleb.
  7294 | D:8      | Found a staircase to the Lair.
  7699 | D:9      | Noticed Erica
  7716 | D:9      | Killed Erica
  7716 | D:9      | Received a gift from Okawaru
  7716 | D:9      | Reached skill level 10 in Shields
  7716 | D:9      | Reached XP level 11. HP: 69/97 MP: 8/11
  7990 | D:9      | Found a stormy altar of Qazlal.
  7991 | D:9      | Found a blossoming altar of Fedhas.
  8066 | D:9      | Found a shimmering blue altar of Sif Muna.
  8636 | D:10     | Entered Level 10 of the Dungeon
  8945 | D:10     | Noticed a two-headed ogre
  8959 | D:10     | Killed a two-headed ogre
  9056 | D:10     | Reached ****** piety under Okawaru
  9079 | D:10     | Received a gift from Okawaru
  9191 | D:10     | Got a translucent ruby amulet
  9193 | D:10     | Identified the amulet "Xalalan" {Spirit rC+ Int+2 Stlth-}
                  | (You found it on level 10 of the Dungeon)
  9719 | D:11     | Noticed Fannar
  9849 | D:11     | Killed Fannar
  9882 | D:11     | Found a staircase to the Orcish Mines.
  9886 | D:11     | Reached skill level 10 in Fighting
 10006 | D:11     | Reached skill level 10 in Armour
 10099 | D:11     | Noticed Maurice
 10111 | D:11     | Killed Maurice
 10111 | D:11     | Received a gift from Okawaru
 10481 | D:11     | Noticed a red ugly thing
 10491 | D:11     | Killed a red ugly thing
 10491 | D:11     | Reached XP level 12. HP: 49/106 MP: 12/12
 10976 | D:12     | Found Noigyo's Distillery.
 11017 | D:12     | Found a transporter.
 11020 | D:12     | Found the +3 robe of Clouds {+Thunder rCloud rElec}
 11020 | D:12     | Noticed a two-headed ogre
 11020 | D:12     | Noticed opiumtea's ghost (journeyman GnSk)
 11023 | D:12     | Noticed a two-headed ogre
 11026 | D:12     | Noticed a two-headed ogre
 11026 | D:12     | Identified the +9 great mace of Nehup {flame, rC+ Int-3
                  | SInv}
 11026 | D:12     | Noticed a fire giant
 11028 | D:12     | Found a transporter.
 11096 | D:12     | Received a gift from Okawaru
 11176 | D:12     | Noticed Josephine
 11186 | D:12     | Killed Josephine
 12062 | D:12     | Noticed a two-headed ogre
 12070 | D:12     | Killed a two-headed ogre
 12724 | Lair:1   | Entered Level 1 of the Lair of Beasts
 13191 | Lair:1   | Received a gift from Okawaru
 13199 | Lair:1   | Got a crude long sword {god gift}
 13200 | Lair:1   | Identified the +0 long sword "Zemnul" {chaos, Int+4}
                  | (Okawaru gifted it to you on level 1 of the Lair of Beasts)
 13443 | Lair:1   | Noticed a four-headed hydra
 13449 | Lair:1   | Killed a two-headed hydra
 14142 | Lair:2   | Found a runed translucent gate.
 14143 | Lair:2   | Found a runed translucent gate.
 14144 | Lair:2   | Found a runed translucent gate.
 14148 | Lair:2   | Noticed Qaler's ghost (journeyman FeIE)
 14177 | Lair:2   | Reached XP level 13. HP: 116/116 MP: 13/13
 14597 | Lair:2   | Identified the +10 quarterstaff of Kuisu {vorpal, Str+3}
                  | (You found it on level 2 of the Lair of Beasts)
 14805 | Lair:2   | Noticed Sonja
 14809 | Lair:2   | Killed Sonja
 15116 | Orc:1    | Entered Level 1 of the Orcish Mines
 15268 | Orc:2    | Entered Level 2 of the Orcish Mines
 15351 | Orc:2    | Reached skill level 5 in Dodging
 15728 | Orc:2    | Reached skill level 15 in Long Blades
 15730 | Orc:2    | Noticed Azrael
 15768 | Orc:2    | HP: 5/117 [smoke demon/divine providence[an orc high
                  | priest] (17)]
 16249 | Orc:1    | Received a gift from Okawaru
 16730 | Orc:2    | Killed Azrael
 17918 | Orc:2    | Found a staircase to the Elven Halls.
 18389 | Orc:2    | Found Wugruowo's Jewellery Boutique.
 18389 | Orc:2    | Found Vorchaaq's Antique Weapon Boutique.
 18390 | Orc:2    | Found Tokhlabreo's Antique Armour Shop.
 18390 | Orc:2    | Found Melec's Armour Boutique.
 18398 | Orc:2    | Bought the amulet of Roon {Faith Str+6} for 953 gold pieces
 18405 | Orc:2    | Bought a ruby-studded chain mail for 218 gold pieces
 18422 | Orc:2    | Identified the +5 chain mail of Recklessness {rF+} (You
                  | bought it in a shop on level 2 of the Orcish Mines)
 18883 | Orc:2    | Reached skill level 15 in Shields
 19336 | Orc:1    | Noticed an ettin
 19545 | Orc:2    | Killed an ettin
 19584 | Orc:1    | Reached XP level 14. HP: 105/127 MP: 15/15
 19615 | Orc:1    | Noticed an orc warlord
 19623 | Orc:1    | Killed an orc warlord
 19763 | Orc:1    | Found a roughly hewn altar of Beogh.
 20243 | D:13     | Noticed Frances
 20258 | D:13     | Killed Frances
 20424 | D:13     | Received a gift from Okawaru
 20940 | D:13     | Noticed Urug
 20960 | D:13     | Killed Urug
 21781 | Lair:3   | Found a staircase to the Swamp.
 22122 | Lair:3   | Found a staircase to the Snake Pit.
 22138 | Lair:3   | Received a gift from Okawaru
 24166 | Lair:5   | Received a gift from Okawaru
 24185 | Lair:5   | Got a bloodstained cloak {god gift}
 24199 | Lair:5   | Identified the +2 cloak of Okawaru's Castigation {rElec rC-
                  | Str+3 SInv} (Okawaru gifted it to you on level 5 of the
                  | Lair of Beasts)
 24377 | Lair:5   | Noticed Rupert
 24398 | Lair:5   | Killed Rupert
 24398 | Lair:5   | Reached XP level 15. HP: 126/137 MP: 16/16
 24858 | Lair:6   | Entered Level 6 of the Lair of Beasts
 25161 | Lair:6   | Found a viscous altar of Jiyva.
 25162 | Lair:6   | Found a staircase to the Slime Pits.
 26126 | Lair:6   | Received a gift from Okawaru
 26643 | D:14     | Found a gate to the Vaults.
 27317 | D:15     | Entered Level 15 of the Dungeon
 27323 | D:15     | Found a frozen archway.
 27337 | D:15     | Received a gift from Okawaru
 27360 | D:15     | Got a blackened hat {god gift}
 27371 | D:15     | Identified the +3 hat of Bad Feelings {rPois rCorr Dex+2}
                  | (Okawaru gifted it to you on level 15 of the Dungeon)
 27392 | IceCv    | Entered an ice cave
 27548 | IceCv    | Got an ancient brass ring
 27550 | IceCv    | Identified the cursed ring of Uthamaj {Str-4 Int+2} (You
                  | found it in an ice cave)
 28015 | IceCv    | Noticed a frost giant
 28028 | IceCv    | Reached skill level 15 in Fighting
 28038 | IceCv    | Killed a frost giant
 28724 | D:6      | Bought the ring "Annitog" {rPois rC+ MR+ Str+6} for 1152
                  | gold pieces
 29126 | D:5      | Killed Prince Ribbit
 29346 | D:12     | Killed a fire giant
 29349 | D:12     | Reached XP level 16. HP: 149/149 MP: 17/17
 29364 | D:12     | Killed opiumtea's ghost
 29814 | Lair:2   | Killed Qaler's ghost
 29826 | Lair:2   | Reached skill level 15 in Armour
 29827 | Lair:2   | HP: 4/149 [spectral death yak (9)]
 30335 | Swamp:1  | Entered Level 1 of the Swamp
 30475 | Swamp:1  | Found a transporter.
 30527 | Swamp:1  | Found a transporter.
 30626 | Swamp:1  | Received a gift from Okawaru
 30627 | Swamp:1  | Found the +27 Lear's hauberk
 31828 | Swamp:2  | Noticed Aizul
 31837 | Swamp:2  | Killed Aizul
 31977 | Swamp:2  | Received a gift from Okawaru
 32450 | Snake:1  | Entered Level 1 of the Snake Pit
 33122 | Snake:1  | Found a runed translucent gate.
 33122 | Snake:1  | Found a runed translucent gate.
 33123 | Snake:1  | Found a runed translucent gate.
 33123 | Snake:1  | Noticed Ciageutz's ghost (journeyman GnWz)
 33209 | Snake:1  | Noticed Louise
 33229 | Snake:1  | Killed Louise
 33285 | Snake:1  | Killed Ciageutz's ghost
 33632 | Snake:1  | Got a scorched scale mail
 33864 | D:13     | Identified the +3 scale mail of Greater Demons {rC- Str+5
                  | Dex+5} (You found it on level 1 of the Snake Pit)
 34773 | Snake:2  | You fall into a shaft and drop 1 floor!
 34803 | Snake:3  | Received a gift from Okawaru
 34804 | Snake:3  | Reached XP level 17. HP: 159/159 MP: 16/18
 35184 | Snake:2  | Found the cursed necklace of Bloodlust {*Rage +Rage MR++
                  | Int-3 Slay+6 *Curse}
 35449 | Snake:3  | Received a gift from Okawaru
 36506 | Swamp:3  | Identified Roxanne's Handbook of the Rocks
 36506 | Swamp:3  | Noticed Roxanne
 36986 | Swamp:3  | Noticed Nikola
 37546 | Swamp:3  | Noticed Donald
 37548 | Swamp:3  | Killed Nikola
 37562 | Swamp:3  | Killed Donald
 37910 | Swamp:3  | Received a gift from Okawaru
 38642 | Swamp:3  | Killed Roxanne
 39202 | Swamp:1  | Got a vibrating amber ring
 39208 | Swamp:1  | Got a scorched hat
 39219 | Swamp:1  | Identified the +3 hat "Vagubbip" {+Fly Str-5 Dex+5} (You
                  | found it on level 1 of the Swamp)
 39497 | Swamp:1  | Identified the ring "Cawnum" {Fire rPois MP+9 Int+2 Stlth+}
                  | (You found it on level 1 of the Swamp)
 39572 | Swamp:4  | Entered Level 4 of the Swamp
 39867 | Swamp:4  | Received a gift from Okawaru
 39942 | Swamp:4  | Reached XP level 18. HP: 166/166 MP: 19/19
 40616 | Swamp:4  | Got a decaying rune of Zot
 40981 | Snake:4  | Entered Level 4 of the Snake Pit
 41009 | Snake:4  | Received a gift from Okawaru
 42149 | Snake:4  | Got a serpentine rune of Zot
 42576 | Elf:1    | Entered Level 1 of the Elven Halls
 42594 | Elf:1    | Received a gift from Okawaru
 42624 | Elf:1    | Got a translucent demon blade {god gift}
 42625 | Elf:1    | Identified the +5 demon blade of Abomination {flame, rN++
                  | Int-4 Dex+8} (Okawaru gifted it to you on level 1 of the
                  | Elven Halls)
 43337 | Elf:1    | Found Ruisu's Jewellery Boutique.
 43337 | Elf:1    | Found Weetsuna's Gadget Emporium.
 43338 | Elf:1    | Found Cejero's Jewellery Boutique.
 43494 | Elf:1    | Received a gift from Okawaru
 43544 | Elf:1    | Found a runed translucent gate.
 43544 | Elf:1    | Found a runed translucent gate.
 43544 | Elf:1    | Found a runed translucent gate.
 43544 | Elf:1    | Found a runed translucent gate.
 43544 | Elf:1    | Found a runed translucent gate.
 43545 | Elf:1    | Found a runed translucent gate.
 44329 | Elf:2    | Reached XP level 19. HP: 176/176 MP: 20/20
 44336 | Elf:2    | Found a runed translucent gate.
 44336 | Elf:2    | Found a runed translucent gate.
 44336 | Elf:2    | Found a runed translucent gate.
 44359 | Elf:2    | Found a portal to a secret trove of treasure.
 45297 | Elf:3    | Entered Level 3 of the Elven Halls
 45297 | Elf:3    | Found Quniajew's Mass Market.
 45422 | Elf:3    | Found a large runed translucent door.
 45436 | Elf:3    | Found a large runed translucent door.
 45440 | Elf:3    | Noticed qipq's ghost (adept DsVM)
 45633 | Elf:2    | Received a gift from Okawaru
 45902 | Elf:3    | Identified the +9 flail "Niwoulot" {protect, rF- Str+4}
 46246 | Elf:3    | Noticed a Brimstone Fiend
 46667 | Elf:3    | Identified the +7 leather armour "Fiuroedd" {MP+9 Str+3
                  | Stlth+}
 46679 | Elf:3    | Identified the +2 dagger of Fate {speed, +Rage}
 46705 | Elf:3    | Received a gift from Okawaru
 47051 | Elf:3    | Identified the +4 quarterstaff of the New World {vorpal,
                  | Str+5}
 47750 | Elf:3    | Killed qipq's ghost
 48306 | Elf:2    | Noticed Asterion
 48318 | Elf:2    | Killed Asterion
 48621 | Elf:2    | Received a gift from Okawaru
 48773 | Elf:2    | Reached XP level 20. HP: 184/187 MP: 19/21
 49296 | D:12     | Bought a potion of curing for 45 gold pieces
 49296 | D:12     | Bought a potion of might for 60 gold pieces
 49296 | D:12     | Bought 2 potions of haste for 300 gold pieces
 49425 | Vaults:1 | Entered Level 1 of the Vaults
 49490 | Vaults:1 | Found Jiap's General Store.
 49494 | Vaults:1 | Bought a scroll of magic mapping for 45 gold pieces
 49494 | Vaults:1 | Bought a scroll of magic mapping for 45 gold pieces
 50140 | Vaults:1 | Received a gift from Okawaru
 50989 | Vaults:2 | Received a gift from Okawaru
 51007 | Vaults:2 | Noticed Frederick
 51495 | Vaults:2 | Killed Frederick
 51899 | Vaults:2 | HP: 5/189 [deep troll[an ironheart preserver] (8)]
 52247 | Vaults:2 | Received a gift from Okawaru
 52626 | Vaults:2 | Reached XP level 21. HP: 202/202 MP: 22/22
 54267 | Vaults:3 | Received a gift from Okawaru
 54287 | Vaults:3 | Got a translucent hat {god gift}
 54288 | Vaults:3 | Identified the +2 hat of Dyast {rPois rC+ rN+} (Okawaru
                  | gifted it to you on level 3 of the Vaults)
 54534 | Vaults:3 | Found a staircase to the Crypt.
 55420 | Vaults:4 | Found a burning altar of Makhleb.
 55420 | Vaults:4 | Found Emipiri's Antique Armour Shop.
 55536 | Vaults:4 | Bought a distressingly furry chain mail for 332 gold pieces
 55537 | Vaults:4 | Identified the +6 chain mail of Lies {rN+ MR+ MP+9 Dex+2}
                  | (You bought it in a shop on level 4 of the Vaults)
 55607 | Vaults:4 | Got a shimmering steel ring
 55608 | Vaults:4 | Identified the ring "Ryuwemp" {Wiz rF++ rC- Int+3} (You
                  | found it on level 4 of the Vaults)
 56507 | Vaults:4 | Received a gift from Okawaru
 56867 | Vaults:5 | Entered Level 5 of the Vaults
 57068 | Vaults:4 | Reached XP level 22. HP: 213/213 MP: 17/23
 57089 | Vaults:4 | Received a gift from Okawaru
 57212 | Vaults:5 | Noticed an ancient lich
 57264 | Vaults:5 | Noticed a golden dragon
 57274 | Vaults:4 | Killed an ancient lich
 57703 | Vaults:5 | Identified the ring of Lisehey {Fire rPois}
 57720 | Vaults:4 | Received a gift from Okawaru
 57729 | Vaults:4 | Got a pitted double sword {god gift}
 57730 | Vaults:4 | Identified the +4 double sword "Neimosi" {pain, rF+ Int+2
                  | Stlth-} (Okawaru gifted it to you on level 4 of the Vaults)
 57776 | Vaults:5 | Noticed an ancient lich
 58306 | Vaults:4 | Reached skill level 5 in Invocations
 58397 | Vaults:4 | Killed a golden dragon
 58537 | Vaults:5 | Received a gift from Okawaru
 58611 | Vaults:5 | Found the +0 staff of Battle
 58647 | Vaults:5 | Reached skill level 27 in Shields
 58685 | Vaults:5 | Killed an ancient lich
 58685 | Vaults:5 | Reached XP level 23. HP: 188/223 MP: 25/25
 58718 | Vaults:5 | Received a gift from Okawaru
 58788 | Vaults:5 | Got a smoking steel ring
 59151 | D:13     | Identified the ring of Wuipnisu {+Inv rN+ AC+4 Str-5
                  | Slay+3} (You found it on level 5 of the Vaults)
 59534 | Vaults:5 | Got a bloodstained crystal plate armour {god gift}
 59545 | Vaults:5 | Identified the +14 crystal plate armour "Reeseeg" {rCorr
                  | Str+2} (Okawaru gifted it to you on level 5 of the Vaults)
 59798 | Vaults:5 | Got a silver rune of Zot
 60852 | Crypt:1  | Entered Level 1 of the Crypt
 61134 | Crypt:1  | Received a gift from Okawaru
 63386 | Crypt:3  | Entered Level 3 of the Crypt
 63447 | Crypt:3  | Received a gift from Okawaru
 63587 | Crypt:3  | Found an ancient bone altar of Kikubaaqudgha.
 63973 | Crypt:3  | Found a staircase to the Tomb.
 63973 | Crypt:3  | Identified the ring "Cauceps" {+Blink rElec rC+ rN+}
 63977 | Crypt:3  | Received a gift from Okawaru
 63992 | Crypt:3  | Got a pair of encrusted gloves {god gift}
 64019 | Crypt:3  | Got a crude lapis lazuli ring
 64019 | Crypt:3  | Got a twitching lead ring
 64027 | Crypt:3  | Identified the +0 pair of gloves of Unambiguity {Str+5
                  | Stlth-} (Okawaru gifted it to you on level 3 of the Crypt)
 64028 | Crypt:3  | Identified the ring of Xudwif {rF+ rN+ MR+} (You found it
                  | on level 3 of the Crypt)
 64029 | Crypt:3  | Identified the ring "Ciepaudgh" {rF+ rN+ Int+2} (You found
                  | it on level 3 of the Crypt)
 64181 | Crypt:3  | Reached XP level 24. HP: 236/236 MP: 25/25
 64660 | Crypt:3  | Found the +7 great mace "Undeadhunter" {disrupt, rN+}
 65621 | D:15     | Found a staircase to the Depths.
 66167 | Depths:1 | Entered Level 1 of the Depths
 66188 | Depths:1 | Received a gift from Okawaru
 66308 | Depths:1 | Found a gateway to Hell.
 66462 | Depths:1 | Found a one-way gate leading to the halls of Pandemonium.
 66462 | Depths:1 | Found a gateway to a ziggurat.
 66527 | Depths:1 | Found a one-way gate to the infinite horrors of the Abyss.
 67392 | Depths:2 | Received a gift from Okawaru
 67613 | Depths:2 | Received a gift from Okawaru
 68088 | Depths:3 | Noticed Saint Roka
 68106 | Depths:3 | Reached XP level 25. HP: 182/249 MP: 24/25
 68111 | Depths:3 | Killed Saint Roka
 68310 | Depths:3 | Found a magical portal.
 68315 | WizLab   | Entered Cigotuvi's Fleshworks
 68459 | WizLab   | Identified Cigotuvi's Incunabulum of Sinister
                  | Transmigration
 68483 | WizLab   | Paralysed by a floating eye for 4 turns
 68493 | WizLab   | Paralysed by a floating eye for 4 turns
 68515 | WizLab   | Got a steaming ivory ring
 68538 | WizLab   | Identified the ring of the Enemy {Fire Str+7 Dex+2} (You
                  | found it in a wizard's laboratory)
 68646 | WizLab   | Paralysed by a floating eye for 3 turns
 68660 | WizLab   | Paralysed by a floating eye for 3 turns
 68668 | WizLab   | Paralysed by a floating eye for 4 turns
 69800 | Depths:3 | Found a large runed translucent door.
 69800 | Depths:3 | Found a large runed translucent door.
 70482 | Depths:3 | Received a gift from Okawaru
 70624 | Depths:3 | Received a gift from Okawaru
 71612 | Depths:2 | Received a gift from Okawaru
 71956 | Depths:2 | Got a steaming long sword {god gift}
 72316 | D:13     | Identified the +1 long sword "Goblinslayer" {chaos, rElec
                  | rPois rF+ Stlth+} (Okawaru gifted it to you on level 2 of
                  | the Depths)
 72704 | Elf:2    | You paid a toll of 18 potions of curing to enter a treasure
                  | trove
 72705 | Trove    | Entered a treasure trove
 72708 | Trove    | Found the +0 pair of fencer's gloves {Riposte Dex+3}
 72722 | Trove    | Got a pitted tower shield
 72733 | Trove    | Identified the +6 tower shield of Inevitability {rElec
                  | rCorr Str+2} (You found it in a treasure trove)
 72738 | Trove    | Got a shimmering crystal plate armour
 72749 | Trove    | Identified the +8 crystal plate armour "Feobb" {+Blink MR+
                  | Int+4} (You found it in a treasure trove)
 72770 | Trove    | Got a faintly glowing hat
 72771 | Trove    | Identified the +3 hat of Inviolability {rElec MR+ Regen+
                  | rCorr Dex-2} (You found it in a treasure trove)
 72775 | Trove    | Got a distressingly furry plate armour
 72786 | Trove    | Identified the +10 plate armour of Ru's Righteous Anger
                  | {+Blink rC- Dex+7} (You found it in a treasure trove)
 72822 | Trove    | Identified a +2 pair of boots of running (You found it in a
                  | treasure trove)
 73308 | Depths:4 | Reached skill level 1 in Evocations
 73336 | Depths:4 | Noticed a juggernaut
 73343 | Depths:4 | Killed a juggernaut
 73401 | Depths:4 | Received a gift from Okawaru
 73432 | Depths:4 | Reached XP level 26. HP: 257/264 MP: 25/25
 73809 | Depths:4 | Found a corrupted altar of Lugonu.
 74177 | Depths:5 | Entered Level 5 of the Depths
 74311 | Depths:5 | Noticed Jory
 74338 | Depths:5 | Killed Jory
 74603 | Depths:5 | Noticed Margery
 74612 | Depths:5 | Killed Margery
 74612 | Depths:5 | Received a gift from Okawaru
 74643 | Depths:5 | Reached skill level 27 in Fighting
 74680 | Depths:5 | Found a gate to the Realm of Zot.
 74705 | Depths:5 | Reached skill level 27 in Long Blades
 74765 | Depths:5 | Received a gift from Okawaru
 74952 | Depths:5 | Paralysed by a floating eye for 3 turns
 76038 | Zig:1    | Entered Level 1 of a ziggurat
 76102 | Zig:2    | Entered Level 2 of a ziggurat
 76132 | Zig:3    | Entered Level 3 of a ziggurat
 76175 | Zig:3    | Got a clouded pewter amulet
 76193 | Zig:3    | Identified the amulet of the Albatross {Acrobat MP+9} (You
                  | found it on level 3 of a ziggurat)
 76365 | Zig:4    | Entered Level 4 of a ziggurat
 76924 | Zig:5    | Entered Level 5 of a ziggurat
 77079 | Zig:6    | Entered Level 6 of a ziggurat
 77085 | Zig:6    | Found the +5 scythe "Finisher" {speed, eviscerate}
 77253 | Zig:7    | Entered Level 7 of a ziggurat
 77294 | Zig:7    | Paralysed by accursed screaming for 1 turns
 77315 | Zig:7    | Received a gift from Okawaru
 77318 | Zig:7    | Got a pair of dazzling boots {god gift}
 77456 | Zig:7    | Found the +7 captain's cutlass {speed, disarm}
 77487 | Zig:7    | Identified the +0 pair of boots of Mental Paralysis {rC+}
                  | (Okawaru gifted it to you on level 7 of a ziggurat)
 77512 | Zig:8    | Entered Level 8 of a ziggurat
 77552 | Zig:8    | Reached XP level 27. HP: 162/271 MP: 26/26
 77739 | Zig:8    | Got a slimy copper ring
 77750 | Zig:8    | Identified the ring "Zeist" {rN+ rCorr Dex+6} (You found it
                  | on level 8 of a ziggurat)
 77864 | Zig:9    | Entered Level 9 of a ziggurat
 78289 | Zig:10   | Entered Level 10 of a ziggurat
 78312 | Zig:10   | Noticed Hig Ni Runopn the pandemonium lord
 78319 | Zig:10   | Cast into level 4 of the Abyss (Hig Ni Runopn)
 78410 | Abyss:4  | Identified a scroll of acquirement
 78621 | Zig:10   | Escaped the Abyss
 78641 | Zig:10   | HP: 18/403 [???[a shadow demon] (15)]
 78642 | Zig:10   | HP: 3/403 [infernal black sun/+1 demon trident of freezing
                  | (11)]
 78642 | Zig:10   | Slain by a blizzard demon

Illustrated notes

Levels and vault maps discovered:
D:1:      dpeg_arrival_rooms_c, layout_loops_ring, grunt_decor_mini_mirrors
D:2:      layout_loops_ring, zin_angel, lemuel_crystal_altar, minitemple
D:3:      layout_loops_ring, skrybe_limestone_x, minmay_crystal_water
D:4:      layout_basic, minmay_temple_entry_antechambers
D:5:      layout_loops_ring, gup_sewer_entry_bubbles, first_ration,
          glass_columns_a, uniq_prince_ribbit1, uniq_duvessa, uniq_grinder
D:6:      layout_loops_ring, nicolae_gozag_zags_fifth_avenue, serial_shops,
          kennysheep_mini, nicolae_shop_crystal, nicolae_shop_statue_plus,
          nicolae_shop_crystal, basic_altar, grunt_ministairs_11,
          trog_three_pillars_becter, uniq_sigmund, uniq_blork_the_orc,
          uniq_edmund
D:7:      layout_loops_ring, nemelex_xobeh_ov_fountains_minmay, serial_rivers,
          chequers_serial_rivers_small_a, chequers_serial_rivers_small_a,
          chequers_serial_rivers_micro_d, chequers_serial_rivers_large_b,
          chequers_serial_rivers_room_a, grunt_livestock, grunt_ministairs_2,
          minivault_14, uniq_harold
D:8:      layout_basic, lightli_temple_of_fire, dpeg_oklobed_lair
D:9:      layout_loops_ring, grunt_temple_overflow_forces_of_nature,
          lemuel_blue_sif_altar, uniq_erica
D:10:     layout_basic, serial_ice, serial_ice_g, serial_ice_m, serial_ice_h,
          serial_ice_f
D:11:     layout_cross, uniq_fannar, uniq_maurice
D:12:     layout_loops_ring, gammafunk_ghost_smash, serial_shops,
          nicolae_shop_waterfront, uniq_josephine
D:13:     layout_cave_pods, uniq_frances, uniq_urug
D:14:     layout_roguey, david_vaults_2, nrook_guardian_serpent_ordinary
D:15:     grunt_enter_depths_snipers, layout_irregular_city,
          portal_ice_cave_entry_imps, minmay_misc_feat_enclosed
Lair:1:   layout_cave_pods, minivault_25, beast_lair_carwin_5,
          serial_bayou_shore_a, grunt_megastairs_4
Lair:2:   layout_long_grid, gammafunk_ghost_necromancy, uniq_sonja
Lair:3:   layout_regular_city, minmay_swamp_entry_worms,
          minmay_snake_entry_guardpost_small, roderic_batcave,
          lemuel_fruit_fields, grunt_megastairs_3
Lair:4:   beast_lair_carwin_large_1, layout_gridlike
Lair:5:   layout_gridlike, grunt_megastairs_2, uniq_rupert
Lair:6:   evilmike_catoblepas_cave, layout_cave_pods, slime_altar_1
Swamp:1:  gammafunk_worm_tunnel, layout_falls_marsh,
          nicolae_swamp_round_clearing
Swamp:2:  layout_falls_marsh, evilmike_swamp_ruin_rubble_2,
          nicolae_swamp_snake_nest, infiniplex_staircase_pool, uniq_aizul
Swamp:3:  layout_basic_swamp, hangedman_swamp_lotus, uniq_donald, uniq_roxanne,
          uniq_nikola
Swamp:4:  swamp, layout_basic_swamp
Snake:1:  layout_grid_maze, ebering_ghost_rock_garden, uniq_louise
Snake:2:  layout_honeycomb
Snake:3:  layout_onion
Snake:4:  minmay_snake_end_coiled, layout_cave_pods
Orc:1:    layout_caves, minmay_orc_temple_c
Orc:2:    st_orc_pillars, layout_diamond_mine, uniq_azrael
Elf:1:    minmay_elf_arrival_circle, layout_loops_cross, orc_legates,
          minmay_shop_grove
Elf:2:    layout_geoelf_octagon, enter_trove_2, minivault_8, uniq_asterion
Elf:3:    grunt_elf_hall_spiral, layout_geoelf_diagonals,
          ebering_ghost_disaster_area, minmay_shop_mass
Vaults:1: ontoclasm_vaults_fault, grunt_vaults_hallway_short,
          nicolae_vaults_minivaults, hangedman_vaults_capsules, v_misc_29,
          ontoclasm_vaults_spin, hangedman_vaults_impose, v_pattern_5,
          v_misc_13, layout_vaults_ring, serial_shops, shop
Vaults:2: v_misc_25, dpeg_vaults_monster_row, v_misc_18, hangedman_vaults_nails,
          nicolae_vaults_little_squares_1, vaults_room_pool, v_misc_14,
          hangedman_vaults_slice, v_pattern_3, nicolae_vaults_halls_meeting,
          nicolae_vaults_diagonal_hallway_8, vaults_room_corners,
          ontoclasm_vaults_twist, layout_vaults_maze_bifur, uniq_frederick
Vaults:3: nicolae_vaults_bisected_exclaves, minmay_crypt_entry_skeletal_spiral,
          grunt_vaults_hallway_long, v_misc_15, nicolae_vaults_circle_grid_a,
          ontoclasm_vaults_misaligned, v_misc_27,
          nicolae_vaults_little_squares_1, vaults_mumra_lcd, v_misc_30,
          vaults_room_door_ring, nicolae_vaults_gold_heap, vaults_dpeg_diagonal,
          layout_vaults_omnicross
Vaults:4: hangedman_vaults_river_flow, st_hourglassy,
          nicolae_vaults_network_quinsquares
          [nicolae_vaults_network_quincunx_subvault,
          nicolae_vaults_network_quincunx_subvault,
          nicolae_vaults_network_quincunx_subvault,
          nicolae_vaults_network_quincunx_subvault], v_misc_17,
          vaults_dpeg_cross, hangedman_vaults_stretched_pinwheel, v_misc_11,
          vaults_mumra_chevron, v_pattern_1, vaults_room_stairs_pillars,
          layout_vaults_big_room, serial_shops, nicolae_shop_trees, basic_altar
Vaults:5: serial_shops
Crypt:1:  layout_gridlike
Crypt:2:  layout_catacombs, st_small_mortuary
Crypt:3:  grunt_crypt_end_deaths_head
Depths:1: layout_cave_pools, enter_ziggurat_b, chequers_serial_rivers_room_a,
          abyss_entry, pan_entry, hell_entry, hangedman_decor_slide_cut,
          kennysheep_just_a_vault
Depths:2: lemuel_castle_with_subvaults [lemuel_castle_interior_carwin_1],
          layout_basic, hellmouth_1, rand_demon_pan_entry_3,
          minmay_misc_feat_rows, infiniplex_staircase_pool_2
Depths:3: lightli_eight_chambers, layout_gridlike, grunt_hell_entry_dis_grunt,
          mu_enter_wizlab_2, pan_entry, uniq_saint_roka
Depths:4: minmay_the_grid_4x2 [minmay_the_grid_fan,
          minmay_the_grid_holed_spiral, minmay_the_grid_paths,
          minmay_the_grid_diamond_grid, minmay_the_grid_gridbox,
          minmay_the_grid_expand, minmay_the_grid_spikes,
          minmay_the_grid_prize_big_room], layout_long_grid,
          hangedman_decor_riveting, hangedman_coc_ice_floe,
          abyss_entry_flame_altar, infiniplex_staircase_split_hallway
Depths:5: grunt_runaround [grunt_runaround_doors_1, grunt_runaround_doors_2,
          grunt_runaround_doors_3, grunt_runaround_doors_4,
          grunt_runaround_zot], abyss_entry, hell_entry, pan_entry,
          uniq_margery, uniq_jory
Zig:10

Skill      XL: |  1  2  3  4  5  6  7  8  9 10 11 12 13 14 15 16 17 18 19 20 21 22 23 24 25 26 27 |
---------------+----------------------------------------------------------------------------------+-----
Fighting       | 4 5 6 7 9 10 11 12 13 15 16 17 18 19 20 21 22 23 25 26 27 | 27.0
Shields        | 4 5 6 7 8 10 12 13 15 16 18 19 21 22 23 24 25 27 | 27.0
Armour         | 4 5 6 7 8 10 11 13 14 16 17 18 19 20 21 22 25 | 25.6
Long Blades    | 3 4 6 7 10 11 12 13 14 15 16 17 18 19 20 21 22 23 24 26 27 | 27.0
Dodging        | 1 2 3 4 5 6 7 |  7.6
Stealth        | 1 2 3 |  3.3
Invocations    | 1 2 3 5 6 8 |  8.8
Evocations     | 1 |  1.3

Action                   |  1- 3 |  4- 6 |  7- 9 | 10-12 | 13-15 | 16-18 | 19-21 | 22-24 | 25-27 || total
-------------------------+-------+-------+-------+-------+-------+-------+-------+-------+-------++-------
Melee: Long sword        |    64 |   150 |   276 |   196 |       |       |       |       |       ||   686
       Headbutt          |    14 |    21 |    81 |   185 |   447 |   442 |   451 |   550 |   490 ||  2681
       Scimitar          |       |       |       |   534 |   604 |       |       |       |       ||  1138
       Double sword      |       |       |       |       |   810 |  1287 |  1260 |   881 |  1184 ||  5422
       Demon blade       |       |       |       |       |       |    45 |       |   552 |    63 ||   660
Invok: Heroism           |       |       |     6 |    10 |    12 |     3 |     6 |    11 |    11 ||    59
       Finesse           |       |       |       |       |       |       |     2 |     6 |     8 ||    16
Evoke: Wand              |       |       |       |     3 |     9 |     2 |       |     1 |     3 ||    18
  Use: Scroll            |       |       |       |    12 |    14 |     9 |    14 |    15 |    25 ||    89
       Potion            |       |       |       |       |     5 |     3 |     3 |       |     9 ||    20
 Stab: Petrifying        |       |       |       |       |     2 |       |       |       |       ||     2
       Confused          |       |       |       |       |       |     2 |       |       |       ||     2
       Distracted        |       |       |       |       |       |       |       |       |     1 ||     1
  Eat: Chunk             |     1 |     7 |     9 |    26 |    49 |    29 |    27 |    18 |    17 ||   183
       Ration            |       |       |       |       |     1 |     6 |     4 |     5 |     5 ||    21
Armor: Scale mail        |    24 |       |       |       |       |       |       |       |       ||    24
       Chain mail        |     3 |    64 |    96 |   198 |    96 |       |       |    12 |       ||   469
       Plate armour      |       |       |       |       |   498 |   661 |   416 |    90 |       ||  1665
       Gold dragon scale |       |       |       |       |       |       |       |   639 |   604 ||  1243
Dodge: Dodged            |    26 |    40 |    68 |   178 |   508 |   465 |   380 |   573 |   414 ||  2652
Block: Kite shield       |    37 |    76 |   127 |   418 |  1231 |   996 |  1239 |  1355 |   481 ||  5960
       Tower shield      |       |       |       |       |       |   556 |       |   717 |  1426 ||  2699
       Reflection        |       |       |       |       |       |    92 |   101 |    66 |    37 ||   296
       Rpst.: Long sword |     6 |    11 |    21 |    10 |       |       |       |       |       ||    48
       Scimitar          |       |       |       |    37 |    48 |       |       |       |       ||    85
       Double sword      |       |       |       |       |    75 |    71 |    79 |    73 |    88 ||   386
       Demon blade       |       |       |       |       |       |     4 |       |    34 |     5 ||    43
